 Dungeon Crawl Stone Soup version 0.31-a0-355-g57cb03d3e8 (webtiles) character file.

Game seed: 13754453788093718225

420 randomguy2701 the Chopper (level 6, 0/57 HPs)
             Began as a Hill Orc Monk on July 24, 2023.
             Was a Believer of Beogh.
             Splashed by a jelly's acid (6 damage)
             ... on level 6 of the Dungeon.
             The game lasted 00:06:28 (3097 turns).

randomguy2701 the Chopper (Hill Orc Monk)           Turns: 3097, Time: 00:06:30

Health: 0/57       AC: -7    Str: 16    XL:     6   Next: 94%
Magic:  6/6        EV: 11    Int: 10    God:    Beogh [**....]
Gold:   268        SH:  0    Dex: 13    Spells: 5/5 levels left

rFire   . . .        a - +0 hand axe
rCold   . . .        d - orb {light}
rNeg    . . .        q - +0 ring mail
rPois   .            p - +0 helmet
rElec   .            (no cloak)
rCorr   .            s - +0 pair of gloves
SInv    .            (no boots)
Will    .....        l - amulet of regeneration
Stlth   +            (no ring)
HPRegen 1.09/turn    (no ring)
MPRegen 0.10/turn

%: no passive effects
@: corroded, glowing
A: no striking features
a: Renounce Religion, Smiting


You were on level 6 of the Dungeon.
You worshipped Beogh.
Beogh was pleased with you.
You visited 1 branch of the dungeon, and saw 6 of its levels.

You collected 268 gold pieces.

Inventory:

Hand Weapons
 a - a +0 hand axe (weapon)
Armour
 d - an orb of light (worn)
 p - a +0 helmet (worn)
 q - a +0 ring mail (worn)
 s - a +0 pair of gloves (worn)
Jewellery
 l - an amulet of regeneration (around neck)
 m - an amulet of reflection
Scrolls
 b - a scroll of teleportation {unknown}
 e - 2 scrolls of amnesia {unknown}
 f - 5 scrolls of identify {unknown}
 g - 4 scrolls of immolation {unknown}
 k - a scroll of silence {unknown}
 n - a scroll of enchant armour {unknown}
Potions
 c - a potion of ambrosia
 h - 2 potions of mutation {unknown}
 i - 3 potions of degeneration {unknown}
 j - a potion of attraction {unknown}
 o - a potion of lignification {unknown}
 r - a potion of resistance {unknown}


   Skills:
 + Level 5.8 Fighting
 * Level 6.1 Axes
 + Level 4.5 Armour
 - Level 2.6 Dodging


You had 5 spell levels left.
You didn't know any spells.
Your spell library contained the following spells:

 Spells                   Type           Power      Damage    Failure   Level
 Apportation              Tloc           0%         N/A       56%         1
 Necrotise                Necr           0%         1d4       56%         1
 Summon Small Mammal      Summ           0%         N/A       56%         1
 Call Canine Familiar     Summ           0%         N/A       90%         3
 Summon Guardian Golem    Hex/Summ       0%         N/A       90%         3
 Summon Forest            Summ/Tloc      0%         N/A       100%        5
 Eringya's Noxious Bog    Tmut/Pois      0%         4d6       100%        6
 Summon Hydra             Summ           0%         N/A       100%        7


Dungeon Overview and Level Annotations

Branches:
Dungeon (6/15)
 Temple: D:4-7

Altars:
Kikubaaqudgha


Message History

You finish putting on your +0 pair of gloves.
HP restored.
Found 9 stones.
Found a stone staircase leading down.
Found a book of Callings.
No target in view!
Found an escape hatch in the floor.
You now have 268 gold pieces (gained 13).
An ice beast comes into view.
There is a stone staircase leading down here.
You climb downwards.
The jelly quivers.
Found a ring mail.
There is a stone staircase leading up here.
You hit the jelly.
Your hands burn!
The jelly is moderately wounded.
The jelly hits you. The acid corrodes you!
You are splashed with acid!
You hit the jelly but do no damage. The acid corrodes you!
Your hands burn!
The jelly is moderately wounded.
The jelly hits you. The acid corrodes you!
You are splashed with acid!
You hit the jelly but do no damage.
Your hands burn!
The jelly is moderately wounded.
The jelly hits you.
You are splashed with acid.
You are too injured to fight recklessly!
You are too injured to fight recklessly!
You are too injured to fight recklessly!
You are too injured to fight recklessly!
You are too injured to fight recklessly!
You are too injured to fight recklessly!
You hit the jelly but do no damage.
Your hands burn!
The jelly is moderately wounded.
The jelly hits you.
You are splashed with acid!
* * * LOW HITPOINT WARNING * * *
You hit the jelly but do no damage. The acid corrodes you!
Your hands burn!
* * * LOW HITPOINT WARNING * * *
The jelly is moderately wounded.
The jelly hits you.
* * * LOW HITPOINT WARNING * * *
The acid corrodes you!
You are splashed with acid.
You die...

......#....g.$..#
..g......###g..##
......#... g...
......#..### ...
.....##....+ ..
##.####.####... . .###
...cgg......... ....
......######.###########
##
....#..........<@J[.....
#.
....#/######.###########
#. ....#.# ... ....#.#
### ....#.. ....###


You could see a jelly.

Vanquished Creatures
  A scorpion (D:6)
  A hound (D:5)
  2 iguanas
  Natasha (thrice) (D:2)
  An orc wizard (D:6)
  Robin (D:3)
  8 adders
  3 dart slugs
  10 orcs
  2 endoplasms
  4 giant cockroaches
  7 hobgoblins
  2 jackals (D:1)
  7 kobolds
  5 quokkas
  8 ball pythons
  6 bats
  A frilled lizard (D:1)
  15 goblins
  3 rats (D:1)
90 creatures vanquished.

Notes
Turn   | Place    | Note
-------+----------+-------------------------------------------
     0 | D:1      | randomguy2701 the Hill Orc Monk began the quest for the
                  | Orb.
     0 | D:1      | Reached XP level 1. HP: 19/19 MP: 1/1
    26 | D:1      | Reached XP level 2. HP: 3/27 MP: 2/2
   335 | D:1      | Reached skill level 1 in Armour
   341 | D:1      | Reached XP level 3. HP: 8/33 MP: 3/3
   482 | D:1      | Found a faded altar of an unknown god.
  1088 | D:2      | Reached XP level 4. HP: 33/41 MP: 4/4
  1201 | D:2      | Noticed Natasha
  1207 | D:2      | Killed Natasha
  1236 | D:2      | Noticed Natasha
  1248 | D:2      | Killed Natasha
  1249 | D:2      | Reached XP level 5. HP: 14/47 MP: 5/5
  1355 | D:2      | Noticed Natasha
  1364 | D:2      | Killed Natasha
  1365 | D:2      | Reached skill level 5 in Fighting
  1960 | D:3      | Noticed Robin
  1970 | D:3      | Killed Robin
  2219 | D:3      | Reached skill level 5 in Axes
  2346 | D:3      | Reached XP level 6. HP: 56/56 MP: 6/6
  2657 | D:4      | You fall into a shaft and drop 2 floors!
  2755 | D:6      | Found an ancient bone altar of Kikubaaqudgha.
  2859 | D:6      | Became a worshipper of Beogh the Brigand
  2859 | D:6      | Reached * piety under Beogh
  2859 | D:6      | Reached ** piety under Beogh
  3022 | D:5      | Entered Level 5 of the Dungeon
  3038 | D:5      | Reached skill level 6 in Axes
  3088 | D:5      | Noticed an ice beast
  3097 | D:6      | Splashed by a jelly's acid

Illustrated notes

Levels and vault maps discovered:
D:1:      minmay_arrival_shattered_statue, layout_basic, basic_ecumenical_altar
D:2:      layout_basic, uniq_natasha
D:3:      layout_loops_cross, serial_bayou_pond_e, uniq_robin
D:4:      layout_loops_corners, nicolae_figureground_pulse
D:5:      kennysheep_steamy, layout_cave_pools, temple_pool_b,
          serial_column_ruins, column_ruins_hut, column_ruins_corridor_T,
          column_ruins_grid_1, column_ruins_columns_straight,
          nrook_pool_corridor, grunt_decor_cap
D:6:      layout_basic, old_standard_altar, pdpol_wu_jian_five_deadly_venoms,
          nicolae_houndstooth_variations, uniq_edmund

Skill      XL: |  1  2  3  4  5  6 |
---------------+-------------------+-----
Fighting       | 4 5 |  5.8
Armour         | 1 2 3 4 |  4.5
Axes           | 5 6 |  6.1
Dodging        | |  2.6

Action                     |  1- 3 |  4- 6 || total
---------------------------+-------+-------++-------
  Melee: Hand axe          |    96 |   195 ||   291
 Invoke: Convert to Beogh  |       |     1 ||     1
 Armour: Robe              |    19 |    13 ||    32
         Ring mail         |       |    31 ||    31
  Dodge: Dodged            |    88 |   130 ||   218

Table legend: (Time is in decaauts)
 A = Elapsed time spent in this place.
 B = Non-inter-level travel time spent in this place.
 C = Inter-level travel time spent in this place.
 D = Time resting spent in this place.
 E = Time spent auto-exploring this place.
 F = Levels seen in this place.
 G = Mean time per level.
                   A        B        C        D        E       F      G
               +--------+--------+--------+--------+--------+-----+--------+
         Total |   3113 |   3009 |    104 |      0 |   2332 |   6 |  518.8 |
       Dungeon |   3113 |   3009 |    104 |      0 |   2332 |   6 |  518.8 |
               +--------+--------+--------+--------+--------+-----+--------+

Top non-repeatable levels by time:
     D:2: 1143 daAuts
     D:1: 754 daAuts
     D:3: 665 daAuts
     D:6: 371 daAuts
     D:4: 109 daAuts
     D:5: 68 daAuts
